 Dungeon Crawl Stone Soup version 0.29-a0-75-gc270d1d (webtiles) character file.

Game seed: 8217242746986782079

2 Illumine the Sneak (level 1, -3/10 HPs)
             Began as a Vampire Enchanter on Feb 3, 2022.
             Slain by a quokka (4 damage)
             ... on level 1 of the Dungeon.
             The game lasted 00:00:23 (82 turns).

Illumine the Sneak (Vampire Enchanter)                Turns: 82, Time: 00:00:24

Health: -3/10      AC:  2    Str:  7    XL:     1   Next: 25%
Magic:  3/3        EV: 12    Int: 17    God:
Gold:   0          SH:  0    Dex: 14    Spells: 4/4 levels left

rFire   . . .      SeeInvis +   a - +1 dagger
rCold   + + .      Faith    .   (no shield)
rNeg    + + +      Spirit   .   b - +0 robe
rPois   ∞          Reflect  .   (no helmet)
rElec   .          Harm     .   (no cloak)
rCorr   .          Rampage  .   (no gloves)
Will    .....                   (no boots)
Stlth   +++++.....              (no amulet)
HPRegen 0.00/turn               (no ring)
MPRegen 0.08/turn               (no ring)

@: bloodless, inhibited regen
A: bloodless, fangs 3, see invisible, vampiric 1
a: Revivify


You were on level 1 of the Dungeon.
You visited 1 branch of the dungeon, and saw 1 of its levels.

Inventory:

Hand Weapons
 a - a +1 dagger (weapon)
Missiles
 e - 3 poisoned darts (quivered)
Armour
 b - a +0 robe (worn)
Scrolls
 d - a scroll of immolation {unknown}
Potions
 c - a potion of invisibility


   Skills:
 + Level 1.2 Short Blades
 - Level 2.1 Dodging
 + Level 4.5 Stealth
 - Level 2.0 Spellcasting
 - Level 4.4 Hexes


You had 4 spell levels left.
You didn't know any spells.
Your spell library contained the following spells:

 Spells                   Type           Power      Damage    Failure   Level
 Confusing Touch          Hex            16%        N/A       10%         3
 Tukima's Dance           Hex            16%        N/A       10%         3
 Ensorcelled Hibernation  Hex/Ice        18%        N/A       12%         2
 Dazzling Flash           Conj/Hex       18%        N/A       24%         3


Dungeon Overview and Level Annotations

Branches:
Dungeon (1/15)

Altars:


Innate Abilities, Weirdness & Mutations

You do not regenerate when monsters are visible.
You are frail without blood (-20% HP).
You can heal yourself when you bite living creatures.
You are immune to poison.
You have razor-sharp teeth.
You have supernaturally acute eyesight. (SInv)
You are afflicted with vampirism.


Message History

Found 4 poisoned darts.
You see here 4 poisoned darts.
e - 4 poisoned darts A bat and a dart slug come into view.
Found 8 gold pieces.
Found 15 sling bullets.
A hobgoblin comes into view.
You see here 15 sling bullets.
Found 17 arrows.
The helpless hobgoblin fails to defend itself.
You bite the hobgoblin, and draw its blood!
You puncture the hobgoblin!
You kill the hobgoblin!
A ball python comes into view.
Found a stone staircase leading down.
A quokka comes into view.
Found a hand axe.
Found a scroll labelled BONKAE ILUH.
The helpless ball python fails to defend itself.
You bite the ball python, and draw its blood!
You impale the ball python!!
You kill the ball python!
Found a stone staircase leading down.
The quokka bites you but does no damage.
You barely miss the quokka. The quokka bites you.
You closely miss the quokka. The quokka bites you.
You closely miss the quokka. The quokka closely misses you.
The quokka barely misses you.
You hit the quokka.
The quokka is almost dead.
The quokka bites you.
* * * LOW HITPOINT WARNING * * *
Throw: 4 darts (poison)
Press: ? - help, Q - select action Shift-Dir - straight line, f - quokka
Aim: a quokka (almost dead, 46% to hit)
You throw a poisoned dart. The poisoned dart hits the quokka.
The quokka is poisoned.
The quokka is almost dead.
The quokka closely misses you. The quokka bites you.
You die...

...... .... #.
...###... ##.#..>.
####....#
.#####......##
.............##
##....r..)..#.
#...@.>.......
#####...........?..
##.......(.......#..
##..###..............
## #..##
##........##.#
#..##(##
#..................
#.....##
#............#......
###....#
#...................
#####.##.#
#...................


You could see a quokka (poisoned).

Vanquished Creatures
  A hobgoblin (D:1)
  A ball python (D:1)
2 creatures vanquished.

Notes
Turn   | Place    | Note
-------+----------+-------------------------------------------
     0 | D:1      | Illumine the Vampire Enchanter began the quest for the Orb.
     0 | D:1      | Reached XP level 1. HP: 13/13 MP: 3/3
    82 | D:1      | Slain by a quokka

Illustrated notes

Levels and vault maps discovered:
D:1:      wander_arrival_peaceful_grave, layout_rooms, serial_shops, shop

Action                   || total
-------------------------++-------
Melee: Dagger            ||     6
Throw: Dart              ||     1
 Abil: Exsanguinate      ||     1
 Stab: Sleeping          ||     2
Armor: Robe              ||     1
Dodge: Dodged            ||     3

Table legend: (Time is in decaauts)
 A = Elapsed time spent in this place.
 B = Non-inter-level travel time spent in this place.
 C = Inter-level travel time spent in this place.
 D = Time resting spent in this place.
 E = Time spent auto-exploring this place.
 F = Levels seen in this place.
 G = Mean time per level.
                   A        B        C        D        E       F      G
               +--------+--------+--------+--------+--------+-----+--------+
         Total |     81 |     81 |      0 |      0 |     27 |   1 |   81.0 |
       Dungeon |     81 |     81 |      0 |      0 |     27 |   1 |   81.0 |
               +--------+--------+--------+--------+--------+-----+--------+

Top non-repeatable levels by time:
     D:1: 81 daAuts
